Match 41875425
Unlisted

Match 41875425
End
Construct Section Command Post
Selects Canadian Shock Battlegroup
Infantry Section
Infantry Section
Dingo Light Scout Car
Grenade Package
ML 3-inch Mortar Team
Construct Field Infirmary
Infantry Section
Selects Burnout
Construct Platoon Command Post
Selects Attacking Spirit
Selects Canadian Shock Section
Humber Armored Car
Vickers Machine Gun Team
Unlock Bishop Self-propelled Artillery
Selects Pyrotechnics
6-pounder Anti-tank Gun Team
Canadian Shock Section
6-pounder Anti-tank Gun Team
Dullahan
Theodosios
0
0

Comments sign in to comment!

No comments posted yet!